 Dungeon Crawl Stone Soup version 0.29-a0-753-gb7bb9d756e (console) character file.

Game seed: 13845178872412296355

538 Banquo the Chopper (level 7, -1/46 HPs)
             Began as an Octopode Fighter on June 30, 2022.
             Was a Believer of Sif Muna.
             Killed from afar by an orc wizard (5 damage)
             ... with a puff of flame
             ... on level 5 of the Dungeon.
             The game lasted 00:15:25 (5031 turns).

Banquo the Chopper (Octopode Fighter)               Turns: 5031, Time: 00:15:25

Health: -1/46      AC:  5    Str: 27    XL:     7   Next: 26%
Magic:  10/10      EV: 13    Int: 19    God:    Sif Muna [**....]
Gold:   29         SH:  4    Dex:  8    Spells: 9/10 levels left

rFire   + . .      SeeInvis .   a - +7 rapier {flame, Str+3}
rCold   . . .      Faith    .   b - +0 buckler
rNeg    . . .      Spirit   .   (helmet restricted)
rPois   +          Reflect  .   (no amulet)
rElec   .          Harm     .   F - ring of protection from fire
rCorr   .          Rampage  .   A - +4 ring of protection
Will    ++...                   q - ring of willpower
Stlth   ++........              t - ring of willpower
HPRegen 0.15/turn               m - ring of Disaster {*Corrode rPois Str+9 Int+6 Dex-3}
MPRegen 0.12/turn               P - ring of poison resistance
                                (no ring)
                                (no ring)

@: no status effects
A: almost no armour, amphibious, 8 rings, camouflage 1, gelatinous body 1,
(nimble swimmer 1), tentacles
a: Renounce Religion, Channel Magic


You were on level 5 of the Dungeon.
You worshipped Sif Muna.
Sif Muna was pleased with you.
You visited 1 branch of the dungeon, and saw 5 of its levels.

You collected 164 gold pieces.
You spent 135 gold pieces at shops.

Inventory:

Hand Weapons
 a - the +7 rapier of the Special Visions (weapon) {flame, Str+3}
   (You found it on level 3 of the Dungeon)

   It burns those it strikes, dealing additional fire damage.
   Str:       It affects your strength (+3).
 o - a +0 dagger of holy wrath
 r - a +1 dagger of venom
 u - a +0 war axe
 y - a +0 war axe
Missiles
 f - 35 stones (quivered)
 s - 3 datura-tipped darts
 B - 6 javelins
Armour
 b - a +0 buckler (worn)
Magical Staves
 C - a staff of death
Jewellery
 m - the ring of Disaster (on tentacle) {*Corrode rPois Str+9 Int+6 Dex-3}
   (You acquired it on level 4 of the Dungeon)

   [ring of intelligence]

   Str:       It affects your strength (+9).
   Int:       It affects your intelligence (+6).
   Dex:       It affects your dexterity (-3).
   rPois:     It protects you from poison.
   *Corrode:  It may corrode you when you take damage.
 q - a ring of willpower (on tentacle)
 t - a ring of willpower (on tentacle)
 A - a +4 ring of protection (right tentacle)
 F - a ring of protection from fire (left tentacle)
 P - a ring of poison resistance (on tentacle)
Scrolls
 n - a scroll of brand weapon {unknown}
 p - a scroll of silence {unknown}
 v - a scroll of poison {unknown}
 x - 2 scrolls of teleportation {unknown}
 D - a scroll of enchant armour {unknown}
Potions
 c - a potion of might
 d - 2 potions of haste
 e - 2 potions of lignification {unknown}
 g - 2 potions of degeneration {unknown}
 h - 2 potions of cancellation {unknown}
 i - 2 potions of brilliance {unknown}
 j - 3 potions of heal wounds
 k - 2 potions of attraction {unknown}
 l - 2 potions of curing
 w - 2 potions of invisibility
 z - a potion of magic {unknown}
 G - a potion of mutation {unknown}


   Skills:
 + Level 3.5 Fighting
 * Level 2.2 Short Blades
 - Level 4.6 Axes
 + Level 3.5 Dodging
 + Level 3.3 Shields
 * Level 2.1 Spellcasting
 * Level 2.2 Conjurations
 * Level 2.1 Air Magic


You had 9 spell levels left.
You knew the following spells:

 Your Spells              Type           Power      Damage    Failure   Level
a - Shock                 Conj/Air       40%        1d5       9%          1

Your spell library contained the following spells:

 Spells                   Type           Power      Damage    Failure   Level
 Swiftness                Air            10%        N/A       26%         3
 Ozocubu's Armour         Ice            2%         N/A       54%         3
 Airstrike                Air            5%         N/A       65%         4
 Fulminant Prism          Conj/Hex       3%         3d6       80%         4
 Iskenderun's Mystic Bla  Conj/Tloc      6%         2d4       80%         4
 Lee's Rapid Deconstruct  Erth           1%         3d5*      99%         5
 Metabolic Englaciation   Hex/Ice        1%         N/A       99%         5
 Simulacrum               Ice/Necr       1%         N/A       100%        6


Dungeon Overview and Level Annotations

Branches:
Dungeon (5/15)
 Temple: D:4-7

Altars:
Fedhas
Sif Muna
Trog
The Shining One

Shops:
D:1 [   D:3 (   D:4 *


Innate Abilities, Weirdness & Mutations

You cannot wear most types of armour.
You are amphibious.
You can wear up to eight rings at the same time.
Your skin changes colour to match your surroundings (Stealth+).
Your rubbery body absorbs attacks. (AC +1, EV +1)
((You are camouflaged when in or above water. (Stealth+)))
You have tentacles for arms and can constrict up to eight enemies at once.


Message History

The orc shouts!
You hit the orc priest but do no damage.
You grab the orc priest.
You constrict the orc priest, but do no damage.
You hear a shout!
The orc priest hits you with a +0 dagger.
An orc priest comes into view. It is wielding a +0 short sword.
You puncture the orc priest! You burn the orc priest.
The orc priest is severely wounded.
You constrict the orc priest.
The orc priest invokes the aid of Beogh against you.
Beogh smites you!
An orc priest comes into view. It is wielding a +0 falchion.
The orc priest hits you but does no damage.
The orc priest mumbles some strange prayers to Beogh against you.
Beogh smites you!
The orc priest escapes!
The orc hits you but does no damage. The orc priest barely misses you.
The orc priest invokes the aid of Beogh against you.
Beogh smites you!
* * * LOW HITPOINT WARNING * * *
You puncture the orc priest! You burn the orc priest.
You kill the orc priest!
Sif Muna accepts your kill. The orc misses you.
The orc priest looks encouraged for a moment.
You hit the orc. You burn the orc.
You kill the orc!
Sif Muna accepts your kill.
You barely miss something. Your squeeze misses something. Something hits you.
* * * LOW HITPOINT WARNING * * *
You barely miss something. Your squeeze misses something.
Something barely misses you.
You completely miss something. Your squeeze misses something.
Something hits you.
* * * LOW HITPOINT WARNING * * *
You puncture something! You burn something.
You hear some strange, mumbled words.
A puff of flame appears from out of thin air!
The puff of flame hits you. You resist.
You die...

###. # # # ##
# .#.# # #+
#.. # #. .o.
. #. #o# #
##.##### #{#
.
##..<##.###@#
.
#..........)#
##...##.#####
####.###.#
.........#
##########


You could see 2 orc priests.

Vanquished Creatures
  A centaur (D:5)
  3 howler monkeys
  2 jellies
  An orc priest (D:5)
  2 hounds (D:4)
  An iguana (D:4)
  A gnoll (D:5)
  Robin (D:2)
  6 adders
  3 worms
  2 dart slugs
  3 orcs
  2 bats
  3 endoplasms
  4 giant cockroaches
  14 goblins
  7 hobgoblins
  6 jackals
  11 kobolds
  A quokka (D:2)
  8 ball pythons
  4 frilled lizards
  4 rats
90 creatures vanquished.

Notes
Turn   | Place    | Note
-------+----------+-------------------------------------------
     0 | D:1      | Banquo the Octopode Fighter began the quest for the Orb.
     0 | D:1      | Reached XP level 1. HP: 16/16 MP: 1/1
   141 | D:1      | You fall into a shaft and drop 1 floor!
   179 | D:1      | Reached XP level 2. HP: 17/21 MP: 2/2
   322 | D:1      | Found Teeb's Antique Armour Shoppe.
   439 | D:1      | Reached skill level 3 in Axes
   654 | D:1      | Reached XP level 3. HP: 26/26 MP: 3/3
   922 | D:2      | Found a faded altar of an unknown god.
   931 | D:2      | Prayed at the altar of an unknown god.
   931 | D:2      | Became a worshipper of Sif Muna the Loreminder
   931 | D:2      | Reached * piety under Sif Muna
   966 | D:2      | Found a bloodstained altar of Trog.
  1029 | D:2      | Reached skill level 4 in Axes
  1102 | D:2      | Learned a level 1 spell: Shock
  1144 | D:2      | Noticed Robin
  1148 | D:2      | Reached XP level 4. HP: 30/31 MP: 4/4
  1415 | D:2      | Reached ** piety under Sif Muna
  2100 | D:3      | Found a blossoming altar of Fedhas.
  2229 | D:3      | Reached XP level 5. HP: 34/35 MP: 5/5
  2263 | D:3      | Identified the +7 rapier of the Special Visions {flame,
                  | Str+3}
  2369 | D:3      | Found Zugriqow's Antique Weapon Shop.
  2677 | D:2      | Found a bloodstained altar of Trog.
  2746 | D:2      | Found a shimmering blue altar of Sif Muna.
  2860 | D:2      | Killed Robin
  3515 | D:4      | Identified a scroll of acquirement
  3518 | D:3      | Acquired the ring of Disaster {*Corrode rPois Str+9 Int+6
                  | Dex-3}
  3576 | D:4      | Reached skill level 1 in Spellcasting
  3576 | D:4      | Reached skill level 1 in Conjurations
  3576 | D:4      | Reached skill level 1 in Air Magic
  3586 | D:4      | Reached XP level 6. HP: 37/42 MP: 6/8
  3893 | D:4      | Reached skill level 1 in Short Blades
  4035 | D:4      | Found Saeka's Assorted Antiques.
  4038 | D:4      | Bought a pearl ring for 135 gold pieces
  4168 | D:4      | Found a shimmering blue altar of Sif Muna.
  4203 | D:5      | Entered Level 5 of the Dungeon
  4432 | D:5      | Found a glowing golden altar of the Shining One.
  4435 | D:5      | Reached XP level 7. HP: 30/46 MP: 9/9
  4558 | D:5      | Noticed a yak
  4560 | D:5      | Noticed a yak
  5031 | D:5      | Killed from afar by an orc wizard

Illustrated notes

Levels and vault maps discovered:
D:1:      dpeg_arrival_long_road, layout_basic, serial_shops, shop_statue
D:2:      layout_loops_cross, dreamdust_ecumenical_altar_grove, basic_altar,
          hangedman_decor_opposing, uniq_robin
D:3:      layout_basic, nicolae_overflow_crystal_walls, serial_shops,
          nicolae_shop_trees, roderic_roman_lattice, minivault_25,
          chequers_serial_rivers_micro_d
D:4:      layout_rooms, kennysheep_orc_sif_temple, serial_shops,
          nicolae_shop_window_shopping
D:5:      layout_loops_corners, tso_metal_star, uniq_blork_the_orc

Skill      XL: |  1  2  3  4  5  6  7 |
---------------+----------------------+-----
Axes           | 3 4 |  4.6
Spellcasting   | 1 2 |  2.1
Conjurations   | 1 2 |  2.2
Air Magic      | 1 2 |  2.1
Short Blades   | 2 |  2.2
Fighting       | |  3.5
Dodging        | |  3.5
Shields        | |  3.3

Action                   |  1- 3 |  4- 6 |  7- 9 || total
-------------------------+-------+-------+-------++-------
Melee: War axe           |    65 |    43 |       ||   108
       Constrict         |    14 |    18 |     2 ||    34
       Tentacles         |     9 |    11 |       ||    20
       Punch             |     1 |     2 |       ||     3
       Rapier            |       |    57 |    14 ||    71
  Use: Scroll            |       |     9 |       ||     9
       Potion            |       |       |     1 ||     1
 Stab: Sleeping          |     7 |     1 |       ||     8
Armor: Skin              |    18 |    25 |     3 ||    46
Dodge: Dodged            |    36 |    54 |     8 ||    98
Block: Buckler           |    13 |    19 |     1 ||    33

Table legend: (Time is in decaauts)
 A = Elapsed time spent in this place.
 B = Non-inter-level travel time spent in this place.
 C = Inter-level travel time spent in this place.
 D = Time resting spent in this place.
 E = Time spent auto-exploring this place.
 F = Levels seen in this place.
 G = Mean time per level.
                   A        B        C        D        E       F      G
               +--------+--------+--------+--------+--------+-----+--------+
         Total |   5060 |   4781 |    279 |    593 |   3335 |   5 | 1012.0 |
       Dungeon |   5060 |   4781 |    279 |    593 |   3335 |   5 | 1012.0 |
               +--------+--------+--------+--------+--------+-----+--------+

Top non-repeatable levels by time:
     D:2: 1367 daAuts
     D:3: 1268 daAuts
     D:4: 959 daAuts
     D:1: 915 daAuts
     D:5: 549 daAuts
